 Dungeon Crawl Stone Soup version 0.26-a0-771-g060e6a62af (webtiles) character file.

Game seed: 8272324729715234022

19218 reriks the Protected (level 12, 45/112 HPs)
             Began as a Deep Dwarf Fighter on Nov 8, 2020.
             Was a High Priest of Makhleb.
             Quit the game in an ice cave.
             The game lasted 00:22:12 (10538 turns).

reriks the Protected (Deep Dwarf Fighter)          Turns: 10538, Time: 00:22:13

Health: 45/112     AC: 22    Str: 31    XL:     12   Next: 34%
Magic:  6/6        EV: 27    Int:  9    God:    Makhleb [*****.]
Gold:   541        SH: 13    Dex: 12    Spells: 11/11 levels left

rFire    . . .     SeeInvis .   y - +6 war axe
rCold    . . .     Faith    .   c - +0 kite shield
rNeg     . . .     Spirit   .   k - +0 plate armour
rPois    +         Reflect  .   O - +0 helmet
rElec    .         Harm     .   d - +2 cloak
rCorr    .         Rampage  .   h - +0 pair of gloves
MR       +....                  q - +0 pair of boots
Stlth    ..........             D - amulet of the acrobat
HPRegen  0.00/turn              v - +6 ring of strength
MPRegen  0.10/turn              F - ring of poison resistance

@: acrobat, non-regenerating
A: damage resistance, heal wounds, claws 1, low mp 1, mutation resistance 1,
sense surroundings 2, no potion heal 1, no regeneration
a: Heal Wounds, Minor Destruction, Lesser Servant of Makhleb, Major Destruction,
Greater Servant of Makhleb, Renounce Religion


You were in an ice cave.
You worshipped Makhleb.
Makhleb was extremely pleased with you.
You visited 3 branches of the dungeon, and saw 15 of its levels.
You also visited: Sewer and Ice Cave.

You collected 895 gold pieces.
You spent 354 gold pieces at shops.

Inventory:

Hand Weapons
 a - a +1 war axe
 y - a +6 war axe (weapon)
 z - a +3 battleaxe
 A - a +0 broad axe
 M - the +3 giant club "Skullcrusher" {speed, Str+7}
   (You found it on level 9 of the Dungeon)

   Attacks with this weapon are significantly faster.
   It affects your strength (+7).
Missiles
 i - 168 sling bullets
 x - 5 boomerangs (quivered)
Armour
 b - a +0 scale mail
 c - a +0 kite shield (worn)
 d - a +2 cloak (worn)
 h - a +0 pair of gloves (worn)
 k - a +0 plate armour (worn)
 q - a +0 pair of boots (worn)
 O - a +0 helmet (worn)
Jewellery
 v - a +6 ring of strength (left hand)
 C - a +6 ring of intelligence
 D - an amulet of the acrobat (around neck)
 F - a ring of poison resistance (right hand)
Wands
 m - a wand of digging (3)
 w - a wand of polymorph (4)
 K - a wand of random effects (12)
 N - a wand of flame (15)
 P - a wand of disintegration (22)
Scrolls
 f - 3 scrolls of blinking
 g - a scroll of fog
 n - 7 scrolls of remove curse
 u - 2 scrolls of enchant weapon
 G - 3 scrolls of enchant armour
 H - 2 scrolls of silence
 I - 2 scrolls of identify
 L - 2 scrolls of fear
 R - a scroll of amnesia
Potions
 e - a potion of invisibility
 j - a potion of attraction
 l - a potion of haste
 o - 6 potions of curing
 p - 3 potions of flight
 r - 2 potions of magic
 s - a potion of resistance
 t - 3 potions of heal wounds
 B - 3 potions of cancellation
 E - a potion of might
 J - a potion of berserk rage
 Q - a potion of degeneration


   Skills:
 + Level 8.6 Fighting
 + Level 10.1 Axes
 + Level 10.3 Armour
 + Level 9.6 Dodging
 + Level 10.3 Shields
 + Level 7.3 Invocations


You had 11 spell levels left.
You didn't know any spells.
Your spell library contained the following spells:

 Spells                   Type           Power        Failure   Level
 Freeze                   Ice            #...         99%         1
 Magic Dart               Conj           #...         99%         1
 Sandblast                Erth           #.....       99%         1
 Summon Small Mammal      Summ           #...         99%         1
 Call Imp                 Summ           #.......     100%        2
 Passwall                 Tmut/Erth      #.......     100%        2
 Searing Ray              Conj           #.....       100%        2
 Call Canine Familiar     Summ           #.......     100%        3
 Confusing Touch          Hex            #.......     100%        3
 Dazzling Flash           Conj/Hex       #.....       100%        3
 Frozen Ramparts          Ice            #.....       100%        3
 Gell's Gravitas          Tloc           #.........   100%        3
 Ozocubu's Armour         Ice            #.......     100%        3
 Stone Arrow              Conj/Erth      #.....       100%        3
 Summon Guardian Golem    Hex/Summ       #.......     100%        3
 Cause Fear               Hex            #.........   100%        4
 Fulminant Prism          Conj/Hex       #.........   100%        4
 Hailstorm                Conj/Ice       #.......     100%        4
 Iskenderun's Mystic Bla  Conj/Tloc      #.......     100%        4
 Petrify                  Tmut/Erth      #.......     100%        4
 Summon Ice Beast         Ice/Summ       #.......     100%        4
 Summon Lightning Spire   Summ/Air       #.......     100%        4
 Lee's Rapid Deconstruct  Erth           #.........   100%        5
 Metabolic Englaciation   Hex/Ice        #.........   100%        5
 Silence                  Hex/Air        #.........   100%        5
 Yara's Violent Unravell  Hex/Tmut       #.........   100%        5
 Conjure Ball Lightning   Conj/Air       #.........   100%        6
 Discord                  Hex            #.........   100%        8
 Tornado                  Air            #.........   100%        9


Dungeon Overview and Level Annotations

Branches:
Dungeon (13/15)            Temple (1/1) D:7            Lair (1/6) D:11
    Orc (0/2) D:10          Sewer (visited)           IceCv (1/1)
 Vaults: D:13-14

Altars:
Ashenzari
Elyvilon
Fedhas
Gozag
Hepliaklqana
Makhleb
Nemelex Xobeh
Okawaru
Qazlal
Sif Muna
Uskayaw
Vehumet
Xom
Yredelemnul
The Shining One
Beogh

Shops:
D:8 =[:=   D:9 *   D:12 *


Innate Abilities, Weirdness & Mutations

You are resistant to damage.
You can heal yourself by infusing magical energy.
You passively map the area around you.
You do not regenerate.
You have sharp fingernails.
Your magical capacity is low. (-10% MP)
You are somewhat resistant to further mutation.
Potions are less effective at restoring your health.


Message History

You're standing in a cloud of freezing vapour!
No target in view!
No target in view!
No target in view!
No target in view!
No target in view!
No target in view!
You are engulfed in freezing vapours.
You are engulfed in freezing vapours.
You are engulfed in freezing vapours.
You are engulfed in freezing vapours.
You enter the shallow water.
Moving in this stuff is going to be slow.
You are engulfed in freezing vapours.
You are engulfed in freezing vapours.
You're standing in a cloud of freezing vapour!
You're standing in a cloud of freezing vapour!
You're standing in a cloud of freezing vapour!
Unknown command.
Are you sure you want to abandon this character and quit the game? (Confirm with "yes".)

###..#..§..#....#####
##....§###☼§#§.###...##
##.....☼☼§§§§#§.○......##
#......§##§§§..°##......#
##.....§°##§§☼§§.###....#
##.......#.§°§....#....#
≈ ##......####§.##§....##
###.§§§§§○§§##§§..###
###§§@§§☼§○☼§§###≈≈ ##
##§.☼☼○§§#### ≈ ###.
###§§○###### ###...
##.§§###≈ ≈≈ ####.....
##..§###########........
##...##)..##.........#...
#..###)...........#.###..
#...##.....##..###### ##.
##..####....##...# ##


There were no monsters in sight!

Vanquished Creatures
  A reaper (IceCv)
  Josephine (D:12)
  A two-headed ogre (D:9)
  An unseen horror (D:12)
  Pikel (D:7)
  An ugly thing (D:12)
  A deep elf mage (D:12)
  Joseph (D:7)
  2 ice statues (IceCv)
  A cane toad (Lair:1)
  A gargoyle (D:12)
  2 komodo dragons
  10 ice devils (IceCv)
  2 trolls
  A hornet (D:11)
  2 wyverns (D:12)
  8 yaks
  4 wraiths (D:12)
  Grum (Lair:1)
  A steam dragon (D:12)
  An acid dragon (D:12)
  2 water moccasins
  5 orc warriors (D:10)
  3 sky beasts
  10 ice beasts
  5 ogres
  2 necrophages
  3 phantoms
  3 wolves (Lair:1)
  10 centaurs
  4 lemures (D:7)
  Blork the orc (D:4)
  3 big kobolds
  11 bullfrogs
  2 gnoll sergeants
  2 water moccasin zombies (D:7)
  2 water moccasin skeletons (D:6)
  4 scorpions
  3 killer bees (D:12)
  7 howler monkeys
  9 wights
  5 jellies
  2 centaur skeletons
  6 hounds
  5 orc priests
  Crazy Yiuf (D:4)
  2 quasits
  4 iguanas
  7 orc wizards
  4 worker ants
  2 mummies (D:7)
  A howler monkey zombie (D:11)
  8 adders
  10 gnolls
  A river rat (Sewer)
  2 shadow imps (D:6)
  11 white imps
  6 ufetubi
  An ooze (D:6)
  An adder zombie (D:8)
  4 adder skeletons
  A dart slug (D:2)
  A worm (D:3)
  8 leopard geckos
  38 orcs
  9 bats
  9 giant cockroaches
  3 goblins
  3 hobgoblins
  6 jackals
  17 kobolds
  3 quokkas
  5 ball pythons
  8 frilled lizards
  A leopard gecko zombie (D:8)
  A quokka zombie (D:7)
  18 rats
349 creatures vanquished.

Vanquished Creatures (others)
  A white imp (IceCv)
  4 ufetubi (IceCv)
  2 fungi
  2 plants (D:11)
  2 withered plants (D:7)
11 creatures vanquished.

Grand Total: 360 creatures vanquished

Notes
Turn   | Place    | Note
-------+----------+-------------------------------------------
     0 | D:1      | reriks the Deep Dwarf Fighter began the quest for the Orb.
     0 | D:1      | Reached XP level 1. HP: 20/20 MP: 1/1
   219 | D:1      | Reached XP level 2. HP: 25/27 MP: 2/2
   970 | D:2      | Reached skill level 1 in Dodging
  1025 | D:2      | Found a sparkling altar of Nemelex Xobeh.
  1112 | D:2      | Reached XP level 3. HP: 25/34 MP: 3/3
  1924 | D:3      | Noticed an ogre
  2041 | D:3      | Reached XP level 4. HP: 29/42 MP: 4/4
  2207 | D:3      | Found a glowing drain.
  2229 | Sewer    | Entered a sewer
  2287 | Sewer    | Noticed a big kobold
  2310 | Sewer    | Killed a big kobold
  2310 | Sewer    | Reached XP level 5. HP: 39/49 MP: 5/5
  2329 | Sewer    | Found a white marble altar of Elyvilon.
  2375 | Sewer    | Gained mutation: Potions are less effective at restoring
                  | your health. [potion of mutation]
  2375 | Sewer    | Gained mutation: Your magical capacity is low. (-10% MP)
                  | [potion of mutation]
  2375 | Sewer    | Gained mutation: You have sharp fingernails. [potion of
                  | mutation]
  2375 | Sewer    | Gained mutation: You are somewhat resistant to further
                  | mutation. [potion of mutation]
  2763 | D:4      | Noticed Blork the orc
  2774 | D:5      | Entered Level 5 of the Dungeon
  2774 | D:5      | Noticed a centaur
  2781 | D:5      | Killed a centaur
  2781 | D:5      | Reached XP level 6. HP: 31/56 MP: 5/5
  2926 | D:5      | Found a blossoming altar of Fedhas.
  3056 | D:5      | Noticed a sky beast
  3071 | D:5      | Killed a sky beast
  3658 | D:5      | Reached XP level 7. HP: 43/64 MP: 6/6
  3798 | D:4      | Reached skill level 5 in Shields
  3800 | D:4      | Reached skill level 5 in Armour
  4254 | D:3      | Found a basalt altar of Yredelemnul.
  4254 | D:3      | Found an opulent altar of Gozag.
  4598 | D:4      | Killed Blork the orc
  4692 | D:4      | Found a runed translucent door.
  4693 | D:4      | Noticed Crazy Yiuf
  4707 | D:4      | Killed Crazy Yiuf
  4782 | D:6      | Reached skill level 5 in Axes
  4816 | D:6      | Found a shimmering altar of Xom.
  4835 | D:6      | Reached XP level 8. HP: 57/73 MP: 6/6
  4982 | D:6      | Reached skill level 5 in Fighting
  5056 | D:6      | Reached skill level 5 in Dodging
  5602 | D:7      | Found a staircase to the Ecumenical Temple.
  5646 | Temple   | Entered the Ecumenical Temple
  5675 | Temple   | Became a worshipper of Makhleb the Destroyer
  5695 | D:7      | Gained mutation: You passively map the area around you.
                  | [Deep Dwarf growth]
  5695 | D:7      | Reached XP level 9. HP: 78/81 MP: 7/7
  5745 | D:7      | Found a hide-covered altar of Uskayaw.
  5779 | D:7      | Noticed Joseph
  5921 | D:7      | Killed Joseph
  5962 | D:7      | Noticed Pikel
  5976 | D:7      | Killed Pikel
  6251 | D:8      | Found Vibuide's Jewellery Shoppe.
  6253 | D:8      | Found Nuzxutyr's Armour Shoppe.
  6253 | D:8      | Found Ukisel's Jewellery Shoppe.
  6254 | D:8      | Found Woahuoda's Book Shoppe.
  6285 | D:8      | Reached * piety under Makhleb
  6415 | D:8      | Reached XP level 10. HP: 70/92 MP: 7/7
  6812 | D:9      | Found Bopnudaomp's Assorted Antiques.
  6820 | D:9      | Bought a murky purple potion for 26 gold pieces
  6820 | D:9      | Bought 3 scrolls labeled ISHUOS HAILUSCH for 87 gold pieces
  7042 | D:9      | Found a white marble altar of Elyvilon.
  7142 | D:9      | Noticed a two-headed ogre
  7143 | D:9      | Found the +3 giant club "Skullcrusher" {speed, Str+7}
  7150 | D:9      | Killed a two-headed ogre
  7150 | D:9      | Reached skill level 1 in Invocations
  7301 | D:10     | Entered Level 10 of the Dungeon
  7386 | D:10     | Reached ** piety under Makhleb
  7628 | D:10     | Found a roughly hewn altar of Beogh.
  7649 | D:10     | Found a staircase to the Orcish Mines.
  8049 | D:10     | You fall into a shaft and drop 3 floors!
  8049 | D:13     | Noticed a cyclops
  8049 | D:13     | Noticed a white ugly thing
  8054 | D:13     | Noticed a green ugly thing
  8099 | D:12     | Killed an unseen horror
  8099 | D:12     | Reached XP level 11. HP: 88/100 MP: 9/9
  8172 | D:12     | Found Xebleomm's Assorted Antiques.
  8180 | D:12     | Bought a scroll labeled TEMNOT VOIMAI for 23 gold pieces
  8180 | D:12     | Bought 3 scrolls of identify for 138 gold pieces
  8180 | D:12     | Bought a scroll of magic mapping for 80 gold pieces
  8294 | D:11     | Reached *** piety under Makhleb
  8697 | D:11     | Found a staircase to the Lair.
  9527 | D:12     | Noticed a deep elf mage
  9547 | D:12     | Killed a deep elf mage
  9617 | D:12     | Reached skill level 5 in Invocations
  9721 | D:12     | Noticed Josephine
  9736 | D:12     | Killed Josephine
  9783 | D:12     | Noticed a white ugly thing
  9798 | D:12     | Killed a white ugly thing
  9803 | D:12     | Reached **** piety under Makhleb
 10027 | Lair:1   | Entered Level 1 of the Lair of Beasts
 10128 | Lair:1   | Noticed Grum
 10129 | Lair:1   | Found a frozen archway.
 10156 | Lair:1   | Killed Grum
 10196 | Lair:1   | Reached skill level 10 in Shields
 10221 | IceCv    | Entered an ice cave
 10266 | IceCv    | Reached XP level 12. HP: 104/111 MP: 10/10
 10281 | IceCv    | Reached skill level 10 in Armour
 10444 | IceCv    | Reached ***** piety under Makhleb
 10454 | IceCv    | Reached skill level 10 in Axes
 10457 | IceCv    | Noticed a reaper
 10476 | IceCv    | Killed a reaper
 10538 | IceCv    | Quit the game

Illustrated notes

Levels and vault maps discovered:
D:1:      dpeg_chamrin_arrival_tetris, layout_basic
D:2:      layout_loops_ring, minmay_misc_feat_rugged,
          nemelex_diamond_rough_becter
D:3:      layout_rooms, minitemple, gup_sewer_entry_pipe, chequers_jeans
D:4:      layout_basic, kennysheep_small_spiral, uniq_crazy_yiuf_cottage,
          uniq_blork_the_orc
D:5:      layout_gridville, nicolae_overflow_crystal_walls
D:6:      layout_cave_pools, lemuel_altar_in_water2
D:7:      layout_cave_pools, eat_drink_and_be_merry_uskayaw,
          minmay_temple_entry_offerings, serial_undead, serial_undead_f,
          serial_undead_d, serial_undead_a, serial_undead_b, uniq_pikel,
          uniq_joseph
D:8:      layout_rooms, minmay_shop_grid_forest, st_stairs_4,
          nicolae_underground_beach
D:9:      layout_rooms, basic_altar, serial_shops, shop
D:10:     layout_loops_corners, david_orc_5, minmay_door_square
D:11:     layout_loops_corners, david_lair_shrubbed
D:12:     layout_long_grid, serial_shops, nicolae_shop_crystal, uniq_josephine
D:13:     layout_long_grid, lightli_vaults_fourway_checkpoint, serial_shops,
          nicolae_shop_competitors_out_of_business, ebering_ghost_gozag,
          fungi_pond_lemuel
Temple:   compressed_dpeg_circular_temple
Lair:1:   layout_roguey, portal_ice_cave_entry_ice_beasts,
          minmay_lair_oklob_chamber, uniq_grum
IceCv:    ice_cave_small_demon

Skill      XL: |  1  2  3  4  5  6  7  8  9 10 11 12 |
---------------+-------------------------------------+-----
Dodging        | 1 2 3 4 5 6 8 9 |  9.6
Fighting       | 3 4 5 6 7 8 |  8.6
Axes           | 3 4 5 6 7 8 9 10 | 10.1
Armour         | 4 5 6 7 8 9 10 | 10.3
Shields        | 4 5 6 7 9 10 | 10.3
Invocations    | 3 6 7 |  7.3

Action                   |  1- 3 |  4- 6 |  7- 9 | 10-12 || total
-------------------------+-------+-------+-------+-------++-------
Melee: War axe           |   131 |   141 |   403 |   573 ||  1248
Throw: Boomerang         |       |       |     6 |     4 ||    10
Invok: Lesser Servant of |       |       |       |     1 ||     1
 Abil: Heal Wounds       |       |     2 |    12 |    19 ||    33
Evoke: Wand              |       |       |     9 |     7 ||    16
  Use: Scroll            |     7 |     5 |     2 |    17 ||    31
       Potion            |       |     1 |     1 |     4 ||     6
Armor: Scale mail        |    85 |    41 |    72 |       ||   198
       Plate armour      |       |       |   139 |   226 ||   365
Dodge: Dodged            |    49 |    45 |   117 |   193 ||   404
Block: Kite shield       |    74 |    75 |   263 |   370 ||   782

Table legend: (Time is in decaauts)
 A = Elapsed time spent in this place.
 B = Non-inter-level travel time spent in this place.
 C = Inter-level travel time spent in this place.
 D = Time resting spent in this place.
 E = Time spent auto-exploring this place.
 F = Levels seen in this place.
 G = Mean time per level.
                   A        B        C        D        E       F      G
               +--------+--------+--------+--------+--------+-----+--------+
         Total |  10875 |  10025 |    850 |    234 |   6523 |  17 |  639.7 |
       Dungeon |  10133 |   9292 |    841 |    234 |   6378 |  13 |  779.5 |
        Temple |     38 |     30 |      8 |      0 |     13 |   1 |   38.0 |
          Lair |    194 |    194 |      0 |      0 |      0 |   1 |  194.0 |
         Sewer |    185 |    185 |      0 |      0 |    112 |   1 |  185.0 |
      Ice Cave |    323 |    323 |      0 |      0 |     20 |   1 |  323.0 |
               +--------+--------+--------+--------+--------+-----+--------+

Top non-repeatable levels by time:
     D:2: 1220 daAuts
     D:5: 1027 daAuts
    D:10: 1024 daAuts
    D:11: 922 daAuts
     D:4: 908 daAuts
     D:1: 882 daAuts
     D:6: 798 daAuts
    D:12: 796 daAuts
     D:3: 742 daAuts
     D:8: 686 daAuts
     D:7: 599 daAuts
     D:9: 500 daAuts
   IceCv: 323 daAuts
  Lair:1: 194 daAuts
   Sewer: 185 daAuts
